 Dungeon Crawl Stone Soup version 0.25-a0-544-gee0576305d (webtiles) character file.

Game seed: 6871461703095502052, levelgen mode: deterministic

25 Forecaster the Sneak (level 3, -1/32 HPs)
             Began as a Naga Assassin on Feb 20, 2020.
             Slain by a phantom (3 damage)
             ... on level 2 of the Dungeon.
             The game lasted 00:04:20 (1123 turns).

Forecaster the Sneak (Naga Assassin)                Turns: 1123, Time: 00:04:20

Health: -1/32      AC:  3    Str: 13    XL:     3   Next: 6%
Magic:  3/3        EV:  9    Int: 11    God:
Gold:   89         SH:  0    Dex: 13    Spells: 2/2 levels left

rFire    . . .     SeeInvis +   a - +2 dagger
rCold    . . .     Gourm    .   (no shield)
rNeg     . . .     Faith    .   b - +0 robe
rPois    +         Spirit   .   (no helmet)
rElec    .         Reflect  .   c - +0 cloak
rCorr    .         Harm     .   (no gloves)
MR       .....                  (no barding)
Stlth    +++.......             (no amulet)
HPRegen  0.10/turn              (no ring)
MPRegen  0.08/turn              (no ring)

@: very slow
A: large, see invisible, deformed body, poison resistance, slowness 2, slow
metabolism 1, spit poison 1, AC +1
a: Spit Poison


You were on level 2 of the Dungeon.
You were not hungry.

You visited 1 branch of the dungeon, and saw 2 of its levels.

You collected 89 gold pieces.

Inventory:

Hand Weapons
 a - a +2 dagger (weapon)
 g - a cursed -1 spear
 l - a cursed -1 spear
 n - a +0 short sword
 o - a +0 hunting sling
Missiles
 d - 21 poisoned darts (quivered)
 e - 2 curare-tipped darts
 r - 68 stones
Armour
 b - a +0 robe (worn)
 c - a +0 cloak (worn)
Jewellery
 k - an uncursed amulet of inaccuracy
Scrolls
 h - a scroll of teleportation {unknown}
 j - a scroll of identify {unknown}
 s - a scroll of remove curse
Potions
 i - a potion of invisibility {unknown}
 m - a potion of degeneration {unknown}
 p - 3 potions of heal wounds {unknown}
 q - a potion of flight {unknown}
Comestibles
 f - 4 rations
 t - a chunk of flesh


   Skills:
 + Level 2.2 Fighting
 + Level 2.3 Short Blades
 + Level 1.9 Throwing
 + Level 0.8 Dodging
 + Level 6.7 Stealth


You had 2 spell levels left.
You didn't know any spells.
Your spell library was empty.

Dungeon Overview and Level Annotations

Branches:
Dungeon (2/15)

Altars:


Innate Abilities, Weirdness & Mutations

You cannot wear boots.
Your serpentine skin is tough. (AC +1)
You have supernaturally acute eyesight. (SInv)
Armour fits poorly on your strangely shaped body.
Your system is resistant to poisons. (rPois)
You cover ground very slowly.
You have a slow metabolism.
You can spit poison.


Message History

The phantom hits you.
* * * LOW HITPOINT WARNING * * *
You hit the phantom but do no damage.
The phantom is heavily damaged.
The phantom hits you.
* * * LOW HITPOINT WARNING * * *
You hit the phantom but do no damage.
The phantom is heavily damaged.
The phantom barely misses you.
You closely miss the phantom.
The phantom is heavily damaged.
The phantom hits you.
* * * LOW HITPOINT WARNING * * *
You hit the phantom.
The phantom is heavily damaged.
The phantom barely misses you.
You hit the phantom.
The phantom is severely damaged.
The phantom hits you.
You die...

#. .. #. #.# .# #. ..#
#.# .## #. #.# #.# ..
#. #.###.###.#
#.######<##..##..##
#.#.#.#.#.#.#.#.#.#.#.#
#.<........W........(..
###.#.#.#.#@#.#.#.#.#.
#รท....................
##.#.#.#.#.#.#.#.#.#.#
#############..## ...#
..## ..# ##.# .#


You could see a phantom.

Vanquished Creatures
  2 dart slugs (D:1)
  2 giant cockroaches (D:1)
  3 goblins (D:1)
  4 hobgoblins (D:1)
  6 bats
  2 rats (D:1)
19 creatures vanquished.

Notes
Turn   | Place    | Note
-------+----------+-------------------------------------------
     0 | D:1      | Forecaster the Naga Assassin began the quest for the Orb.
     0 | D:1      | Reached XP level 1. HP: 19/19 MP: 1/1
   120 | D:1      | Reached skill level 6 in Stealth
   174 | D:1      | Reached XP level 2. HP: 12/26 MP: 2/2
   463 | D:1      | HP: 1/26 [dart slug/slug dart (6)]
   897 | D:1      | Reached XP level 3. HP: 28/32 MP: 3/3
  1085 | D:2      | Noticed a phantom
  1123 | D:2      | Slain by a phantom

Levels and vault maps discovered:
D:1:      scummos_arrival_forest, layout_basic, minmay_stone_trees_small
D:2:      layout_loops_ring, okawaru_trees_2, minitemple, first_ration,
          chequers_ecumenical_altar_simple_redux, st_stairs_13,
          minmay_pentomino_p4, uniq_crazy_yiuf_cottage

Skill      XL: |  1 |
---------------+----+-----
Stealth        | 6 |  6.7
Fighting       | |  2.2
Short Blades   | |  2.3
Throwing       | |  1.9
Dodging        | |  0.8

Action                   || total
-------------------------++-------
Melee: Dagger            ||    90
Throw: Dart              ||     1
  Use: Scroll            ||     2
 Stab: Sleeping          ||     3
Armor: Robe              ||    25
Dodge: Dodged            ||    50

Table legend:
 A = Non-vault XP
 B = Vault XP
 C = Vault XP percentage of total XP
 D = Non-vault monster count
 E = Vault monster count
 F = Vault count percentage of total count
                 A         B        C        D         E       F
            +---------+---------+-------+---------+---------+-------
      Total |      37 |       0 |   0.0 |      19 |       0 |   0.0
            +---------+---------+-------+---------+---------+-------
        D:1 |      35 |       0 |   0.0 |      18 |       0 |   0.0
        D:2 |       2 |       0 |   0.0 |       1 |       0 |   0.0
            +---------+---------+-------+---------+---------+-------
